 Dungeon Crawl Stone Soup version 0.19.3-4-gbf9329e (webtiles) character file.

8 Alarkh the Charmwright (level 2, 22/22 HPs)
             Began as a Demonspawn Skald on Jan 28, 2017.
             Got out of the dungeon alive.
             The game lasted 00:00:17 (350 turns).

Alarkh the Charmwright (Demonspawn Skald)            Turns: 350, Time: 00:00:18

Health: 22/22      AC:  3    Str: 12    XL:     2   Next: 0%
Magic:  5/5        EV: 11    Int: 13    God:
Gold:   20         SH:  0    Dex: 12    Spells: 1 memorised, 4 levels left

rFire  . . .     SeeInvis .     a - +0 hand axe
rCold  . . .     Gourm    .     b - +0 leather armour
rNeg   . . .     Faith    .     (no shield)
rPois  .         Spirit   .     (no helmet)
rElec  .         Reflect  .     (no cloak)
rCorr  .         Harm     .     (no gloves)
MR     .....                    (no boots)
Stlth  +.........               (no amulet)
                                (no ring)
                                (no ring)

@: no status effects
A: hooves 1
a: no special abilities


You escaped.
You were not hungry.

You visited 1 branch of the dungeon, and saw 1 of its levels.

You collected 20 gold pieces.

Inventory:

Hand Weapons
 a - a +0 hand axe (weapon)
Armour
 b - a +0 leather armour (worn)
Jewellery
 e - an uncursed ring of ice
Scrolls
 f - a scroll of blinking {unknown}
 j - a scroll of immolation {unknown}
Books
 c - a book of Battle

   Spells                             Type                      Level
   a - Infusion                       Charms                       1
   b - Shroud of Golubria             Charms/Translocation         2
   c - Song of Slaying                Charms                       2
   d - Spectral Weapon                Hexes/Charms                 3
   e - Regeneration                   Charms/Necromancy            3
Comestibles
 d - a bread ration
 g - a chunk of flesh
 h - a beef jerky
 i - a royal jelly


   Skills:
 - Level 2.0 Fighting
 + Level 2.4 Axes
 - Level 0.8 Armour
 - Level 0.8 Dodging
 - Level 2.0 Spellcasting
 - Level 2.6 Charms


You had 4 spell levels left.
You knew the following spells:

 Your Spells              Type           Power        Failure   Level  Hunger
a - Infusion              Chrm           #...         12%         1    ##.....


Dungeon Overview and Level Annotations

Branches:
Dungeon (1/15)

Altars:


Innate Abilities, Weirdness & Mutations

You have large cloven feet.


Message History

You now have 20 gold pieces (gained 11).
HP restored.
j - a scroll labeled NACKUW DERA The centaur shouts!
There is an open door here.
The minotaur bellows!
The ogre shouts!
The halfling shouts!
The demigod shouts!
The kobold shouts!
The naga shouts!
The octopode shouts!
The human shouts!
The tengu shouts!
The spriggan shouts!
The felid hisses angrily.
The demonspawn shouts!
The vine stalker shouts!
The merfolk shouts!
The draconian roars!
The elf shouts!
There is an open door here.
There is a staircase leading out of the dungeon here.
Are you sure you want to leave the Dungeon?
This will make you lose the game!
You have escaped!

###############
####e#m#V#h#.#g#M#
#..###############
#@.'..............
#..###############
####9#d#f#6#n#i#Q#
###############
##... ##....
#..... #.....
#.....


There were no monsters in sight!

Vanquished Creatures
  An ooze (D:1)
  A bat (D:1)
  A giant cockroach (D:1)
  A kobold (D:1)
4 creatures vanquished.

Notes
Turn   | Place    | Note
-------+----------+-------------------------------------------
     0 | D:1      | Alarkh the Demonspawn Skald began the quest for the Orb.
     0 | D:1      | Reached XP level 1. HP: 16/16 MP: 3/3
     2 | D:1      | Noticed an elf
     2 | D:1      | Noticed a gargoyle
     4 | D:1      | Noticed a merfolk
     4 | D:1      | Noticed a draconian
     6 | D:1      | Noticed a vampire
     6 | D:1      | Noticed a vine stalker
     8 | D:1      | Noticed a felid
     8 | D:1      | Noticed a demonspawn
    10 | D:1      | Noticed a ghoul
    12 | D:1      | Noticed a dwarf
    12 | D:1      | Noticed a spriggan
    14 | D:1      | Noticed a tengu
    16 | D:1      | Noticed a human
    18 | D:1      | Noticed a troll
    18 | D:1      | Noticed an octopode
    20 | D:1      | Noticed a naga
    22 | D:1      | Noticed a halfling
    22 | D:1      | Noticed a demigod
    24 | D:1      | Noticed a minotaur
    24 | D:1      | Noticed an ogre
    26 | D:1      | Noticed a formicid
    26 | D:1      | Noticed a centaur
   274 | D:1      | Gained mutation: You have large cloven feet. [demonic ancestry]
   274 | D:1      | Reached XP level 2. HP: 20/22 MP: 5/5
   350 | D:$      | Got out of the dungeon alive.

Skill      XL: |  1 |
---------------+----+-----
Axes           | 2 |  2.4
Fighting       | |  2.0
Armour         | |  0.8
Dodging        | |  0.8
Spellcasting   | |  2.0
Charms         | |  2.6

Action                   || total
-------------------------++-------
Melee: Hand axe          ||    22
Armor: Leather armour    ||     8
Dodge: Dodged            ||    25
